 Dungeon Crawl Stone Soup version 0.21-a0-414-gba8bdf1 (webtiles) character file.

252 karf the Shield-Bearer (level 6, -2/49 HPs)
             Began as a Formicid Fighter on Nov 2, 2017.
             Slain by Natasha (4 damage)
             ... on level 3 of the Dungeon.
             The game lasted 00:05:44 (2332 turns).

karf the Shield-Bearer (Formicid Fighter)           Turns: 2332, Time: 00:05:45

Health: -2/49      AC:  8    Str: 25 (27) XL:     6   Next: 36%
Magic:  6/6        EV:  8    Int:  6 (8)  God:
Gold:   148        SH: 10    Dex:  8 (10) Spells: 5/5 levels left

rFire    . . .     SeeInvis +   a - +0 quarterstaff
rCold    . . .     Gourm    .   c - +0 shield
rNeg     . . .     Faith    .   b - +0 scale mail
rPois    .         Spirit   .   (helmet unavailable)
rElec    .         Reflect  .   (no cloak)
rCorr    .         Harm     .   j - +0 pair of gloves (curse)
MR       .....                  (no boots)
Stlth    ..........             (no amulet)
HPRegen  0.16/turn              (no ring)
MPRegen  0.10/turn              (no ring)

@: mighty, lethally poisoned (-2 -> -3), very slightly contaminated, invisible
A: permanent stasis, dig shafts and tunnels, four strong arms, antennae 3
a: Dig, Shaft Self


You were on level 3 of the Dungeon.
You were not hungry.

You visited 1 branch of the dungeon, and saw 3 of its levels.

You collected 148 gold pieces.

Inventory:

Hand Weapons
 a - a +0 quarterstaff (weapon)
Armour
 b - a +0 scale mail (worn)
 c - a +0 shield (worn)
 j - a cursed +0 pair of gloves (worn)
Jewellery
 t - a cursed ring of loudness {unknown}
Wands
 s - a wand of acid (5/15)
Scrolls
 g - 2 scrolls of recharging {unknown}
 k - a scroll of teleportation {unknown}
 m - 3 scrolls of remove curse {unknown}
 n - 2 scrolls of amnesia {unknown}
 o - a scroll of immolation {unknown}
 q - a scroll of random uselessness {unknown}
 r - 2 scrolls of identify {unknown}
 y - a scroll of noise {unknown}
Books
 v - a book of Cantrips

   Spells                             Type                      Level
   a - Confusing Touch                Hexes                        1
   b - Animate Skeleton               Necromancy                   1
   c - Summon Small Mammal            Summoning                    1
   d - Apportation                    Translocation                1
Comestibles
 f - 2 bread rations
 h - 2 meat rations
 i - 3 fruits
 l - 2 royal jellies
 w - a chunk of flesh


   Skills:
 + Level 4.3 Fighting
 + Level 3.2 Staves
 + Level 4.3 Armour
 * Level 5.9 Shields


You had 5 spell levels left.
You didn't know any spells.

Dungeon Overview and Level Annotations

Branches:
Dungeon (3/15)

Altars:
Cheibriados

Annotations:
D:3 Natasha


Innate Abilities, Weirdness & Mutations

You cannot be hasted, slowed, berserked, paralysed or teleported.
You can dig through walls and to a lower floor.
Your four strong arms can wield two-handed weapons with a shield.
You have a pair of large antennae on your head. (SInv)


Message History

Your stasis prevents you from going berserk.
You block the orc's attack.
It was a potion of degeneration.
There was something very wrong with that liquid.
You feel weakened.
You feel dopey.
You feel clumsy.
Natasha mumbles some strange words.
The orc barely misses you.
You closely miss the orc.
* * * LOW HITPOINT WARNING * * *
You feel sick.
The iron imp shouts, "Out, out, thou fawning guts-griping scavenger!"
You block the orc's attack.
You closely miss the orc.
The iron imp shouts, "Slither home, thou mewling unchin-snouted flirt-gill!"
You block the orc's attack.
You catch the helpless orc completely off-guard!
You sock the orc!
You kill the orc!
Natasha claws you.
You die...

#.......##........
#.......##g.......
#.......##........
#.......##........
#.......##........
#................#
#55{.............#
###h###'##.........#
#.)@...............#
#..................#
#..................#
#..................#
#..................#
#..................
#..........####..#.
#..........# #..


You could see an iron imp, Natasha and a crimson imp.

Vanquished Creatures
  A howler monkey (D:1)
  An orc priest (D:3)
  Natasha (D:3)
  5 gnolls
  4 adders
  A worm (D:2)
  3 dart slugs
  5 orcs (D:3)
  9 bats
  3 giant cockroaches
  7 goblins
  9 hobgoblins
  2 jackals (D:1)
  7 kobolds
  2 ball pythons
  3 frilled lizards
  7 rats
70 creatures vanquished.

Notes
Turn   | Place    | Note
-------+----------+-------------------------------------------
     0 | D:1      | karf the Formicid Fighter began the quest for the Orb.
     0 | D:1      | Reached XP level 1. HP: 18/18 MP: 1/1
   126 | D:1      | Reached XP level 2. HP: 24/24 MP: 2/2
   233 | D:1      | Reached skill level 4 in Shields
   345 | D:1      | Reached XP level 3. HP: 17/29 MP: 3/3
   877 | D:1      | Reached XP level 4. HP: 37/37 MP: 4/4
   900 | D:1      | Reached XP level 5. HP: 2/42 MP: 5/5
  1186 | D:2      | Reached skill level 5 in Shields
  1599 | D:2      | Found a snail-covered altar of Cheibriados.
  2061 | D:3      | Reached XP level 6. HP: 10/48 MP: 6/6
  2268 | D:3      | Noticed Natasha
  2275 | D:3      | Killed Natasha
  2302 | D:3      | Noticed Natasha
  2326 | D:3      | HP: 2/49 [poisoned by an adder]
  2332 | D:3      | Slain by Natasha

Vault maps used:
D:1:      onia_arrival_pyramid
D:2:      lemuel_doored_altar
D:3:      cheibrodos_sewer_entry_bend, hex_tiny, uniq_natasha

Skill      XL: |  1  2  3  4  5 |
---------------+----------------+-----
Shields        | 4 5 |  5.9
Fighting       | 4 |  4.3
Armour         | 4 |  4.3
Staves         | 3 |  3.2

Action                   |  1- 3 |  4- 6 || total
-------------------------+-------+-------++-------
Melee: Quarterstaff      |    78 |   165 ||   243
  Use: Potion            |       |     5 ||     5
 Stab: Invisible         |       |     1 ||     1
  Eat: Chunk             |       |     5 ||     5
Armor: Scale mail        |    33 |    73 ||   106
Dodge: Dodged            |    32 |    70 ||   102
Block: Shield            |    48 |   126 ||   174

Table legend:
 A = Spawn XP
 B = Non-spawn XP
 C = Spawn XP percentage of total XP
 D = Spawn monster count
 E = Non-spawn monster count
 F = Spawn count percentage of total count
 G = Total turns spent on level
                    A         B        C        D         E        F      G
               +---------+---------+-------+---------+---------+-------+---------
         Total |       0 |     361 |   0.0 |       0 |      70 |   0.0 |  2332
               +---------+---------+-------+---------+---------+-------+---------
           D:1 |       0 |     148 |   0.0 |       0 |      27 |   0.0 |  1170
           D:2 |       0 |      70 |   0.0 |       0 |      19 |   0.0 |   581
           D:3 |       0 |     143 |   0.0 |       0 |      24 |   0.0 |   581
               +---------+---------+-------+---------+---------+-------+---------
